 Dungeon Crawl Stone Soup version 0.27-a0-396-g03f4e8edb7 (webtiles) character file.

Game seed: 2261839676824372271

21 Morbidden the Skirmisher (level 2, -1/24 HPs)
             Began as a Demonspawn Fighter on Feb 21, 2021.
             Slain by a worm (6 damage)
             ... on level 2 of the Dungeon.
             The game lasted 00:00:40 (488 turns).

Morbidden the Skirmisher (Demonspawn Fighter)        Turns: 488, Time: 00:00:40

Health: -1/24      AC:  6    Str: 16    XL:     2   Next: 65%
Magic:  2/2        EV:  9    Int:  9    God:
Gold:   28         SH:  0    Dex: 12    Spells: 1/1 levels left

rFire    . . .     SeeInvis .   (no weapon)
rCold    . . .     Faith    .   (no shield)
rNeg     . . .     Spirit   .   b - +0 scale mail
rPois    .         Reflect  .   (no helmet)
rElec    .         Harm     .   (no cloak)
rCorr    .         Rampage  .   (no gloves)
Will     .....                  (no boots)
Stlth    ..........             (no amulet)
HPRegen  0.08/turn              (no ring)
MPRegen  0.08/turn              (no ring)

@: no status effects
A: claws 1
a: no special abilities


You were on level 2 of the Dungeon.
You visited 1 branch of the dungeon, and saw 2 of its levels.

You collected 28 gold pieces.

Inventory:

Armour
 b - a +0 scale mail (worn)
Potions
 d - a potion of might


   Skills:
 + Level 3.2 Fighting
 + Level 2.0 Long Blades
 + Level 2.7 Armour
 + Level 3.1 Shields
 + Level 0.2 Unarmed Combat


You had one spell level left.
You didn't know any spells.
Your spell library was empty.

Dungeon Overview and Level Annotations

Branches:
Dungeon (1/15)

Altars:
Nemelex Xobeh


Innate Abilities, Weirdness & Mutations

You have sharp fingernails.


Message History

Found a stone staircase leading down.
A worm is nearby!
A worm is nearby!
The worm bites you!
A worm is nearby!
You scratch the worm but do no damage.
A worm is nearby!
You scratch the worm but do no damage. The worm bites you.
You are too injured to fight recklessly!
You are too injured to fight recklessly!
You are too injured to fight recklessly!
You are too injured to fight recklessly!
You are too injured to fight recklessly!
You are too injured to fight recklessly!
You are too injured to fight recklessly!
You are too injured to fight recklessly!
You scratch the worm.
The worm is lightly wounded.
The worm closely misses you.
You barely miss the worm.
The worm is lightly wounded.
You barely miss the worm.
The worm is lightly wounded.
A quokka comes into view.
The worm bites you.
You scratch the worm.
The worm is lightly wounded.
You scratch the worm.
The worm is heavily wounded.
The worm bites you.
* * * LOW HITPOINT WARNING * * *
You scratch the worm.
The worm is heavily wounded.
The worm bites you but does no damage.
You scratch the worm.
The worm is severely wounded.
You scratch the worm but do no damage.
The worm is severely wounded.
The worm bites you.
You die...

............
.................
.#.#.#......##..### #
...#.##.#<..##..#.. ..
##.### #...##..#.# .#
##.#### #...##..#.# ..
......###...##..#.#.#.##
##.##.##............>...
#...#.##........@.....#
.._......#.####.#wr.....
#...#.####†# ...#.....#.
##.##.# #.##.#.#.......
......# #.##.#.#.......
##.#### #.## #.........
#.# #.# #.##..###. ..
... ... .## .# ##.


You could see a worm and a quokka.

Vanquished Creatures
  A worm (D:2)
  A dart slug (D:2)
  3 bats (D:2)
  A giant cockroach (D:2)
  6 jackals
  A frilled lizard (D:2)
  3 rats (D:2)
16 creatures vanquished.

Notes
Turn   | Place    | Note
-------+----------+-------------------------------------------
     0 | D:1      | Morbidden the Demonspawn Fighter began the quest for the
                  | Orb.
     0 | D:1      | Reached XP level 1. HP: 18/18 MP: 1/1
   154 | D:1      | You fall into a shaft and drop 1 floor!
   166 | D:2      | Gained mutation: You have sharp fingernails. [demonic
                  | ancestry]
   166 | D:2      | Reached XP level 2. HP: 16/24 MP: 2/2
   287 | D:2      | Found a sparkling altar of Nemelex Xobeh.
   488 | D:2      | Slain by a worm

Illustrated notes

Levels and vault maps discovered:
D:1:      dpeg_arrival_round_b, layout_basic
D:2:      layout_basic, tgw_trog, nicolae_overflow_crystal_walls,
          chequers_ecumenical_altar_lobes

Skill      XL: |  1  2 |
---------------+-------+-----
Shields        | 3 |  3.1
Long Blades    | 2 |  2.0
Fighting       | |  3.2
Armour         | |  2.7
Unarmed Combat | |  0.2

Action                   || total
-------------------------++-------
Melee: Long sword        ||    16
       Unarmed           ||    62
Armor: Scale mail        ||    54
Dodge: Dodged            ||    51
Block: Kite shield       ||    22
       Rpst.: Long sword ||     4

Table legend: (Time is in decaauts)
 A = Elapsed time spent in this place.
 B = Non-inter-level travel time spent in this place.
 C = Inter-level travel time spent in this place.
 D = Time resting spent in this place.
 E = Time spent auto-exploring this place.
 F = Levels seen in this place.
 G = Mean time per level.
                   A        B        C        D        E       F      G
               +--------+--------+--------+--------+--------+-----+--------+
         Total |    496 |    496 |      0 |      0 |    363 |   2 |  248.0 |
       Dungeon |    496 |    496 |      0 |      0 |    363 |   2 |  248.0 |
               +--------+--------+--------+--------+--------+-----+--------+

Top non-repeatable levels by time:
     D:2: 338 daAuts
     D:1: 157 daAuts
